 Dungeon Sprint DCSS version 0.31-a0-986-g5e6e4ef867 (webtiles) character file.

Game seed: 10463640709073836339

39890 rocky1 the Sensei (level 14, -6/108 HPs)
             Began as an Octopode Shapeshifter on Nov 14, 2023.
             Was an Initiate of Gozag.
             Mangled by a spark wasp (16 damage)
             ... in the Dungeon (Sprint IX: "|||||||||||||||||||||||||||||").
             The game lasted 00:20:47 (4805 turns).

rocky1 the Sensei (Octopode Shapeshifter)           Turns: 4805, Time: 00:20:48

Health: -6/108     AC:  5    Str: 13    XL:     14   Next: 8%
Magic:  21/21      EV: 24    Int: 13    God:    Gozag
Gold:   3848       SH:  0    Dex: 22    Spells: 11/22 levels left

rFire   + +          +
                       - Unarmed
rCold   + . .        (shield currently unavailable)
rNeg    . . .        (helmet restricted)
rPois   +            s - amulet of regeneration
rElec   .            D - ring of protection from fire
rCorr   .            F - ring of protection from cold
SInv    .            u - ring of willpower
Will    ++...        E - ring of poison resistance
Stlth   ++++++       C - +6 ring of dexterity
HPRegen 1.18/turn    x - ring of protection from fire
MPRegen 0.17/turn    y - ring of protection from fire
                     B - +4 ring of protection

%: no teleportation
@: blade tentacles, gold aura, studying Air Magic
A: almost no armour, amphibious, 8 rings, camouflage 1, gelatinous body 1,
(nimble swimmer 1), tentacles
a: Begin Untransformation, Renounce Religion, Potion Petition, Call Merchant,
Bribe Branch


You were in the Dungeon.
You worshipped Gozag.
Gozag was most pleased with you.
You had blades for main tentacles.
You visited 1 branch You collected 13027 gold pieces.
You spent 7029 gold pieces at shops.
You paid 2150 gold pieces to Gozag.

Inventory:

Missiles
 a - 4 throwing nets
 z - 8 boomerangs
Magical Staves
 r - a staff of air
Jewellery
 l - a +2 ring of protection
 m - a +2 ring of protection
 s - an amulet of regeneration (around mantle)
 u - a ring of willpower (on tentacle)
 v - a +6 ring of strength
 w - a +6 ring of strength
 x - a ring of protection from fire (on tentacle)
 y - a ring of protection from fire (on tentacle)
 B - a +4 ring of protection (on tentacle)
 C - a +6 ring of dexterity (on tentacle)
 D - a ring of protection from fire (left blade tentacle)
 E - a ring of poison resistance (on tentacle)
 F - a ring of protection from cold (right blade tentacle)
Talismans
 b - a beast talisman
 c - a flux talisman
 t - a serpent talisman
 A - a blade talisman (active)
Scrolls
 f - a scroll of immolation
 i - 2 scrolls of blinking
 j - 2 scrolls of amnesia
 o - a scroll of fear
 p - 3 scrolls of identify
 q - 2 scrolls of enchant weapon
 H - a scroll of fog
Potions
 d - 5 potions of curing
 e - 3 potions of heal wounds
 g - 4 potions of magic
 h - a potion of invisibility
 k - 4 potions of resistance
 n - a potion of brilliance
 G - a potion of berserk rage


   Skills:
 + Level 14.3 Fighting
 + Level 13.6 Dodging
 + Level 11.5 Stealth
 * Level 25.9 Unarmed Combat
 - Level 4.8 Spellcasting
 - Level 5.3 Translocations
 - Level 5.4 Transmutations
 - Level 7.7 Air Magic
 - Level 4.9 Evocations
 * Level 14.8 Shapeshifting


You had 11 spell levels left.
You knew the following spells:

 Your Spells              Type           Power      Damage    Failure   Level
a - Wereblood             Tmut           17%        N/A       3%          2
b - Blink                 Tloc           34%        N/A       3%          2
c - Manifold Assault      Tloc           17%        N/A       21%         4
d - Swiftness             Air            23%        N/A       2%          3

Your spell library contained the following spells:

 Spells                   Type           Power      Damage    Failure   Level
 Apportation              Tloc           34%        N/A       1%          1
 Shock                    Conj/Air       52%        1d6       3%          1
 Lesser Beckoning         Tloc           34%        N/A       3%          2
 Gell's Gravitas          Tloc           17%        N/A       6%          3
 Teleport Other           Tloc           17%        N/A       6%          3
 Airstrike                Air            11%        2d(2-18)  8%          4
 Momentum Strike          Conj/Tloc      20%        3d8       10%         2
 Magic Dart               Conj           12%        1d3       19%         1
 Mephitic Cloud           Conj/Pois/Air  9%         N/A       21%         3
 Call Imp                 Summ           6%         N/A       28%         2
 Jinxbite                 Hex            6%         N/A       28%         2
 Tukima's Dance           Hex            3%         N/A       50%         3
 Dimensional Bullseye     Hex/Tloc       5%         N/A       54%         4
 Iskenderun's Mystic Bla  Conj/Tloc      10%        2d4       54%         4
 Alistair's Intoxication  Tmut/Pois      6%         N/A       86%         5
 Irradiate                Conj/Tmut      5%         3d13      86%         5
 Dispersal                Tloc           8%         N/A       97%         6
 Borgnjor's Vile Clutch   Necr/Erth      1%         N/A       99%         5
 Death Channel            Necr           1%         N/A       100%        6
 Animate Dead             Necr           Unusable   N/A       N/A         4

Dungeon Overview and Level Annotations

Branches:
Dungeon (1/1)

Altars:
Cheibriados
Dithmenos
Elyvilon
Fedhas
Gozag
Hepliaklqana
Kikubaaqudgha
Makhleb
Nemelex Xobeh
Okawaru
Qazlal
Ru
Sif Muna
Trog
Uskayaw
Vehumet
Wu Jian
Xom
Yredelemnul
Zin
The Shining One
Jiyva
Lugonu

Shops:
D =:==?


Innate Abilities, Weirdness & Mutations

You have blades for main tentacles.
You are incapable of wielding weapons or throwing items.
You cannot wear most types of armour.
You are amphibious.
You can wear up to eight rings at the same time.
Your skin changes colour to match your surroundings (Stealth+).
Your rubbery body absorbs attacks. (AC +1, EV +1)
((You are camouflaged when in or above water. (Stealth+)))
You have tentacles for arms and can constrict up to eight enemies at once.


Message History

An orb spider comes into view.
You see here 36 gold pieces.
The wolf spider's many legs skitter.
You slice the wolf spider!! Your grab misses the wolf spider.
The wolf spider is heavily wounded.
The wolf spider misses you. x2
You closely miss the wolf spider. Your grab misses the wolf spider.
Your squeeze misses the wolf spider.
The wolf spider is heavily wounded.
The wolf spider completely misses you. x2
You slice the wolf spider!! You grab the wolf spider.
The wolf spider is almost dead.
You constrict the wolf spider.
You kill the wolf spider!
A redback comes into view.
The pharaoh ant misses you. The pharaoh ant bites you!!
You see here 54 gold pieces.
You shred the pharaoh ant!!!
You destroy the pharaoh ant!
The pharaoh ant binds the souls of nearby monsters.
You barely miss the culicivora. You grab the culicivora.
You constrict the culicivora. The culicivora bites you!!
The culicivora draws strength from your injuries!
You shred the culicivora!!!
You slash the culicivora, but do no damage.
You squeeze the culicivora.
The culicivora is almost dead.
You constrict the culicivora, but do no damage.
The redback is distracted by your dazzling golden aura.
The culicivora misses you.
You shred the culicivora!!!
You kill the culicivora!
The spark wasp stings you!! The spark wasp shocks you!
* * * LOW HITPOINT WARNING * * *
The redback is distracted by your dazzling golden aura.
The spark wasp stings you!!
* * * LOW HITPOINT WARNING * * *
The spark wasp shocks you!
You die...
Your body crumbles into a pile of gold.

.▓.▓.▓.▓.▓.▓.▓.▓
.▓.▓.▓.▓.▓.▓.▓.▓+▓
.▓.▓'▓.▓)▓.▓.▓.▓s▓
.▓.▓.▓.▓.▓.▓.▓.▓s▓
.▓.▓(▓.▓∩▓.▓.▓.▓.▓
)▓.▓.▓.▓.▓.▓.▓.▓s▓
)▓.▓)▓.▓)▓.▓(▓.▓B▓
.▓.▓.▓.▓)▓.▓)▓.▓y▓
[▓.▓.▓.▓∩▓.▓.▓)▓@▓
[▓.▓.▓.▓.▓.▓)▓.▓$▓
[▓.▓.▓.▓∩▓.▓.▓.▓$▓
.▓.▓.▓.▓)▓.▓)▓.▓'▓
)▓.▓.▓.▓)▓.▓)▓.▓.▓
.▓.▓.▓.▓)▓.▓)▓.▓.▓
.▓.▓.▓.▓)▓.▓'▓.▓.▓
'▓.▓'▓.▓)▓.▓.▓.▓.▓
_▓.▓.▓.▓'▓.▓.▓.▓.▓


You could see an entropy weaver (soul bound), a spark wasp (soul bound), an orb
spider (soul bound) and 2 redbacks.

Vanquished Creatures
  A lich (D)
  A very ugly thing (D)
  A formless jellyfish (D)
  A stone giant (D)
  Azrael (D)
  An ettin (D)
  Snorg (D)
  2 shambling mangroves (D)
  An entropy weaver (D)
  Harold (D)
  5 hydras (D)
  A rakshasa (D)
  3 catoblepae (D)
  An alligator snapping turtle (D)
  2 centaur warriors (D)
  2 anacondas (D)
  A boulder beetle (D)
  A merfolk aquamancer (D)
  2 tengu warriors (D)
  2 orc high priests (D)
  A shock serpent (D)
  A deep troll earth mage (D)
  A skyshark (D)
  A fire crab (D)
  2 goliath frogs (D)
  A pharaoh ant (D)
  An arcanist (D)
  2 orc knights (D)
  A deep elf pyromancer (D)
  A wolf spider (D)
  An ugly thing (D)
  7 orc sorcerers (D)
  A will-o-the-wisp (D)
  4 manticores (D)
  A guardian serpent (D)
  4 black mambas (D)
  8 cane toads (D)
  2 unseen horrors (D)
  A merfolk (D)
  A bloated husk (D)
  A hornet (D)
  A tyrant leech (D)
  3 blink frogs (D)
  A slime creature (D)
  A snapping turtle (D)
  A culicivora (D)
  2 wyverns (D)
  A water elemental (D)
  3 fire elementals (D)
  A basilisk (D)
  A vampire mosquito (D)
  A steam dragon (D)
  A naga (D)
  2 water moccasins (D)
  2 hell hounds (D)
  13 orc warriors (D)
  An ogre (D)
  2 wolves (D)
  A kobold brigand (D)
  A bullfrog (D)
  A killer bee (D)
  A howler monkey (D)
  A hound (D)
  2 orc priests (D)
  7 orc wizards (D)
  2 adders (D)
  8 orcs (D)
  An endoplasm (D)
  A giant cockroach (D)
  A kobold (D)
  2 frilled lizards (D)
140 creatures vanquished.

Vanquished Creatures (others)
  A hornet (D)
  An orc wizard (D)
2 creatures vanquished.

Grand Total: 142 creatures vanquished

Notes
Turn   | Place    | Note
-------+----------+-------------------------------------------
     0 | D        | rocky1 the Octopode Shapeshifter began the quest for the
                  | Orb.
     0 | D        | Reached XP level 1. HP: 13/13 MP: 1/1
   119 | D        | Noticed an ogre
   119 | D        | Noticed a hound
   122 | D        | Reached skill level 4 in Unarmed Combat
   122 | D        | Reached XP level 2. HP: 18/18 MP: 2/2
   127 | D        | Reached skill level 5 in Unarmed Combat
   127 | D        | Reached skill level 5 in Shapeshifting
   127 | D        | Reached XP level 3. HP: 23/23 MP: 3/3
   130 | D        | Killed an ogre
   131 | D        | Reached skill level 7 in Unarmed Combat
   131 | D        | Reached XP level 4. HP: 28/28 MP: 4/4
   131 | D        | Reached XP level 5. HP: 33/33 MP: 5/5
   135 | D        | Found a snail-covered altar of Cheibriados.
   135 | D        | Found a shadowy altar of Dithmenos.
   135 | D        | Found a white marble altar of Elyvilon.
   135 | D        | Found a blossoming altar of Fedhas.
   135 | D        | Found an opulent altar of Gozag.
   136 | D        | Found a hazy altar of Hepliaklqana.
   137 | D        | Found a viscous altar of Jiyva.
   138 | D        | Found an ancient bone altar of Kikubaaqudgha.
   139 | D        | Found a corrupted altar of Lugonu.
   140 | D        | Found a burning altar of Makhleb.
   141 | D        | Found a sparkling altar of Nemelex Xobeh.
   142 | D        | Found an iron altar of Okawaru.
   143 | D        | Became a worshipper of Gozag Ym Sagoz the Greedy
   144 | D        | Found a stormy altar of Qazlal.
   145 | D        | Found a sacrificial altar of Ru.
   146 | D        | Found a shimmering blue altar of Sif Muna.
   147 | D        | Found a bloodstained altar of Trog.
   148 | D        | Found a hide-covered altar of Uskayaw.
   149 | D        | Found a radiant altar of Vehumet.
   150 | D        | Found an ornate altar of the Wu Jian Council.
   151 | D        | Found a shimmering altar of Xom.
   152 | D        | Found a basalt altar of Yredelemnul.
   153 | D        | Found a glowing silver altar of Zin.
   154 | D        | Found a glowing golden altar of the Shining One.
   180 | D        | Noticed a kobold brigand
   183 | D        | Reached skill level 1 in Evocations
   187 | D        | Killed a kobold brigand
   188 | D        | Reached skill level 8 in Unarmed Combat
   188 | D        | Reached XP level 6. HP: 36/43 MP: 6/6
   205 | D        | Killed an unseen horror
   206 | D        | Reached skill level 5 in Dodging
   206 | D        | Reached skill level 9 in Unarmed Combat
   206 | D        | Reached XP level 7. HP: 17/53 MP: 7/7
   516 | D        | Noticed a centaur warrior
   516 | D        | Noticed a four-headed hydra
   516 | D        | Noticed a catoblepas
   516 | D        | Noticed a boulder beetle
   516 | D        | Noticed a manticore
   519 | D        | Killed a manticore
   520 | D        | Reached skill level 10 in Unarmed Combat
   520 | D        | Reached XP level 8. HP: 44/60 MP: 8/8
   521 | D        | Killed an unseen horror
   522 | D        | Reached skill level 11 in Unarmed Combat
   523 | D        | Killed a boulder beetle
   524 | D        | Reached skill level 12 in Unarmed Combat
   524 | D        | Reached XP level 9. HP: 32/67 MP: 9/9
   662 | D        | Killed a centaur warrior
   663 | D        | Reached skill level 13 in Unarmed Combat
   663 | D        | Reached skill level 10 in Shapeshifting
   667 | D        | Killed a catoblepas
   684 | D        | Killed a four-headed hydra
   685 | D        | Reached skill level 10 in Fighting
   685 | D        | Reached skill level 14 in Unarmed Combat
   685 | D        | Reached XP level 10. HP: 76/76 MP: 10/10
  1114 | D        | Noticed Harold
  1124 | D        | Killed Harold
  1125 | D        | Reached skill level 10 in Dodging
  1333 | D        | Bought an amulet of regeneration for 300 gold pieces
  1333 | D        | Bought a serpent talisman for 300 gold pieces
  1382 | D        | Noticed a cane toad
  1382 | D        | Noticed a catoblepas
  1382 | D        | Noticed a cane toad
  1387 | D        | Killed a cane toad
  1388 | D        | Reached skill level 15 in Unarmed Combat
  1390 | D        | Noticed a cane toad
  1860 | D        | Killed a catoblepas
  1870 | D        | Killed a cane toad
  1873 | D        | Killed a cane toad
  2192 | D        | Bought a ring of willpower for 250 gold pieces
  2192 | D        | Bought a +6 ring of strength for 360 gold pieces
  2192 | D        | Bought a +6 ring of strength for 360 gold pieces
  2211 | D        | Noticed a five-headed hydra
  2211 | D        | Noticed a cane toad
  2211 | D        | Noticed a cane toad
  2213 | D        | Killed a cane toad
  2214 | D        | Reached skill level 16 in Unarmed Combat
  2214 | D        | Reached XP level 11. HP: 83/83 MP: 11/11
  2215 | D        | Noticed a skyshark
  2220 | D        | Killed a five-headed hydra
  2221 | D        | Noticed a fire crab
  2228 | D        | Killed a skyshark
  2229 | D        | Reached skill level 5 in Stealth
  2242 | D        | Killed a fire crab
  2243 | D        | Reached skill level 17 in Unarmed Combat
  2325 | D        | Bought a ring of protection from fire for 250 gold pieces
  2325 | D        | Bought a ring of protection from fire for 250 gold pieces
  2590 | D        | Noticed an orc high priest
  2597 | D        | Killed an orc high priest
  2598 | D        | Reached skill level 18 in Unarmed Combat
  2601 | D        | Noticed an orc high priest
  2605 | D        | Noticed an orc knight
  2619 | D        | Killed an orc high priest
  2620 | D        | Reached skill level 19 in Unarmed Combat
  2620 | D        | Reached XP level 12. HP: 92/92 MP: 12/12
  2667 | D        | Found Utreuxt's Jewellery Boutique.
  2675 | D        | Found Omueshop's Jewellery Shop.
  2684 | D        | Found Kacrywn's Book Boutique.
  2690 | D        | Reached skill level 20 in Unarmed Combat
  2690 | D        | Found Meilo's Book Shop.
  2709 | D        | Reached skill level 21 in Unarmed Combat
  2752 | D        | Bought a blade talisman for 420 gold pieces
  2752 | D        | Bought a +4 ring of protection for 504 gold pieces
  2754 | D        | Bought a book of Air for 242 gold pieces
  2754 | D        | Bought a manual of Air Magic for 880 gold pieces
  2754 | D        | Bought a book of Weapons for 308 gold pieces
  2754 | D        | Bought a book of Minor Magic for 198 gold pieces
  2754 | D        | Bought a There-And-Back Book for 330 gold pieces
  2754 | D        | Bought an Inescapable Atlas for 176 gold pieces
  2758 | D        | Bought a manual of Unarmed Combat for 800 gold pieces
  2758 | D        | Bought a book of Unlife for 360 gold pieces
  2758 | D        | Bought a book of Changes for 180 gold pieces
  2758 | D        | Bought a book of Spatial Translocations for 180 gold pieces
  2758 | D        | Bought a book of Party Tricks for 220 gold pieces
  2771 | D        | Learned a level 2 spell: Wereblood
  2774 | D        | Learned a level 2 spell: Blink
  2779 | D        | Learned a level 4 spell: Manifold Assault
  2783 | D        | Learned a level 3 spell: Swiftness
  2931 | D        | Noticed a catoblepas
  2931 | D        | Noticed a tengu warrior
  2931 | D        | Noticed a centaur warrior
  2938 | D        | Killed a centaur warrior
  2940 | D        | Noticed a lich
  2945 | D        | Reached skill level 1 in Air Magic
  2948 | D        | Reached skill level 1 in Spellcasting
  2948 | D        | Reached skill level 1 in Translocations
  2948 | D        | Reached skill level 1 in Transmutations
  2948 | D        | Noticed a rakshasa
  2950 | D        | Noticed a stone giant
  2954 | D        | Killed a catoblepas
  2960 | D        | Killed a lich
  2961 | D        | Noticed a cyan very ugly thing
  2964 | D        | Killed a tengu warrior
  2965 | D        | Reached skill level 22 in Unarmed Combat
  2973 | D        | Noticed an ettin
  2981 | D        | Noticed a tengu warrior
  2983 | D        | Noticed a deep troll earth mage
  2987 | D        | Killed a stone giant
  3186 | D        | Killed a rakshasa
  3214 | D        | Killed an ettin
  3215 | D        | Reached skill level 5 in Air Magic
  3215 | D        | Reached XP level 13. HP: 95/99 MP: 17/17
  3249 | D        | Killed a cyan very ugly thing
  3275 | D        | Reached skill level 10 in Stealth
  3528 | D        | Noticed Snorg
  3530 | D        | Noticed Azrael
  3538 | D        | Killed Snorg
  3541 | D        | Reached skill level 23 in Unarmed Combat
  3546 | D        | Killed Azrael
  3686 | D        | Bought a scroll of blinking for 105 gold pieces
  3686 | D        | Bought a scroll of immolation for 56 gold pieces
  3690 | D        | Noticed a shambling mangrove
  3700 | D        | Reached skill level 5 in Translocations
  3700 | D        | Reached skill level 5 in Transmutations
  3700 | D        | Noticed a shambling mangrove
  3707 | D        | Killed a shambling mangrove
  4326 | D        | Killed a shambling mangrove
  4327 | D        | Reached skill level 24 in Unarmed Combat
  4471 | D        | Noticed a formless jellyfish
  4474 | D        | Killed a formless jellyfish
  4491 | D        | Reached skill level 25 in Unarmed Combat
  4734 | D        | Reached XP level 14. HP: 49/108 MP: 21/21
  4805 | D        | Mangled by a spark wasp

Illustrated notes

Levels and vault maps discovered:
D:        linesprint [early_d, line_temple, items_1, d_10, items_2, lair_1,
          lair_end, items_3, orc_1, orc_end, items_4, d_15, swamp_1, shoals_1,
          snake_1, spider_1, d_20, vaults_1, items_5, swamp_end, shoals_end,
          snake_end, spider_end, vaults_end, d_27, items_6, zot_1, zot_end,
          crypt_end, forest_end, elf_end, slime_end, tomb_end, abyss_end,
          pan_hell_end]

Skill      XL: |  1  2  3  4  5  6  7  8  9 10 11 12 13 |
---------------+----------------------------------------+-----
Unarmed Combat | 4 5 7 8 9 10 12 14 16 19 22 25 | 25.9
Shapeshifting  | 4 5 7 8 9 10 11 12 13 14 | 14.8
Dodging        | 3 4 5 6 8 9 11 12 13 | 13.6
Fighting       | 3 6 7 8 10 11 12 13 14 | 14.3
Evocations     | 2 4 |  4.9
Stealth        | 2 7 9 11 | 11.5
Air Magic      | 5 7 |  7.7
Spellcasting   | 3 4 |  4.8
Translocations | 3 5 |  5.3
Transmutations | 3 5 |  5.4

Action                     |  1- 3 |  4- 6 |  7- 9 | 10-12 | 13-15 || total
---------------------------+-------+-------+-------+-------+-------++-------
  Melee: Unarmed           |    17 |    12 |    17 |   242 |   109 ||   397
         Constrict         |     3 |     2 |       |    51 |    13 ||    69
         Tentacles         |     1 |     1 |       |     3 |    13 ||    18
         Punch             |     1 |       |     3 |     3 |    11 ||    18
   Cast: Wereblood         |       |       |       |       |     4 ||     4
 Invoke: Call Merchant     |       |       |       |     1 |     1 ||     2
         Potion Petition   |       |       |       |       |     2 ||     2
  Evoke: Wand              |       |     4 |     6 |       |       ||    10
    Use: Potion            |     1 |       |     1 |     4 |     3 ||     9
         Scroll            |       |       |       |     4 |     1 ||     5
   Stab: Petrifying        |       |       |     1 |       |       ||     1
         Petrified         |       |       |       |     2 |       ||     2
         Distracted        |       |       |       |     8 |     8 ||    16
         Sleeping          |       |       |       |       |     6 ||     6
 Armour: Skin              |     3 |    11 |    57 |   120 |    57 ||   248
  Dodge: Dodged            |     8 |     5 |     4 |    81 |    56 ||   154
   Form: Anaconda          |       |       |       |     1 |       ||     1
         Blade             |       |       |       |       |     1 ||     1

Table legend: (Time is in decaauts)
 A = Elapsed time spent in this place.
 B = Non-inter-level travel time spent in this place.
 C = Inter-level travel time spent in this place.
 D = Time resting spent in this place.
 E = Time spent auto-exploring this place.
 F = Levels seen in this place.
 G = Mean time per level.
                   A        B        C        D        E       F      G
               +--------+--------+--------+--------+--------+-----+--------+
         Total |   4654 |   4654 |      0 |   2959 |      0 |   1 | 4654.0 |
       Dungeon |   4654 |   4654 |      0 |   2959 |      0 |   1 | 4654.0 |
               +--------+--------+--------+--------+--------+-----+--------+

Top non-repeatable levels by time:
       D: 4654 daAuts
